 Dungeon Crawl Stone Soup version 0.20-a0-217-g17e8ceb (webtiles) character file.

0 deepsabbath the Firebug (level 1, 0/10 HPs)
             Began as a Deep Elf Fire Elementalist on Nov 28, 2016.
             Slain by a bat (1 damage)
             ... on level 1 of the Dungeon.
             The game lasted 00:00:25 (118 turns).

deepsabbath the Firebug (Deep Elf Fire Elementalist) Turns: 118, Time: 00:00:26

Health: 0/10       AC:  2    Str:  5    XL:     1   Next: 8%
Magic:  6/6        EV: 13    Int: 19    God:
Gold:   12         SH:  0    Dex: 15    Spells: 5/6 levels left

rFire  . . .     SeeInvis .     d - -2 dagger (curse)
rCold  . . .     Gourm    .     a - +0 robe
rNeg   . . .     Faith    .     (no shield)
rPois  .         Spirit   .     (no helmet)
rElec  .         Reflect  .     (no cloak)
rCorr  .         Harm     .     (no gloves)
MR     .....                    (no boots)
Stlth  ++........               (no amulet)
                                (no ring)
                                (no ring)

@: no status effects
A: no striking features
a: no special abilities


You were on level 1 of the Dungeon.
You were not hungry.

You visited 1 branch of the dungeon, and saw 1 of its levels.

You collected 12 gold pieces.

Inventory:

Hand Weapons
 d - a cursed -2 dagger (weapon)
   (You found it on level 1 of the Dungeon)
 e - a +0 dagger
   (You found it on level 1 of the Dungeon)
Armour
 a - a +0 robe (worn)
Books
 b - a book of Flames
Comestibles
 c - 2 bread rations {@e1}


   Skills:
 * Level 2.5 Dodging
 - Level 2.4 Stealth
 - Level 3.0 Spellcasting
 - Level 1.1 Conjurations
 - Level 3.2 Fire Magic


You had 5 spell levels left.
You knew the following spells:

 Your Spells              Type           Power        Failure   Level  Hunger
a - Flame Tongue          Conj/Fire      ##...        10%         1    None


Dungeon Overview and Level Annotations

Branches:
Dungeon (1/15)

Altars:


Message History

Welcome, deepsabbath the Deep Elf Fire Elementalist.
The bosom of this dungeon contains the fabled artefact, the Orb of Zot.
Found a dagger.
Found a staircase leading out of the dungeon.
d - a dagger Wield which item (- for none, * to show all)? (? for menu, Esc to quit)
It sticks to your hand!
d - a cursed -2 dagger (weapon)
You open the door.
There is an open door here.
A frilled lizard comes into view.
The helpless frilled lizard fails to defend itself.
You puncture the frilled lizard!
You kill the frilled lizard!
No target in view!
You now have 7 gold pieces.
You open the door.
There is an open door here.
There is a fountain of clear blue water here.
You open the door.
There is an open door here.
You now have 12 gold pieces (gained 5).
You open the door.
There is an open door here.
Found an escape hatch in the floor.
c - 2 bread rations {@e1} (gained 1)
There is an open door here.
There is an open door here.
There is an open door here.
You see here a dagger.
e - a dagger You can't unwield your weapon to draw a new one!
Unknown command.
Okay, then.
A frilled lizard comes into view.
A kobold comes into view. It is wielding a dagger.
You hit the frilled lizard but do no damage.
The frilled lizard closely misses you.
You barely miss the frilled lizard. The frilled lizard barely misses you.
You barely miss the frilled lizard.
The frilled lizard bites you but does no damage.
You hit the frilled lizard but do no damage.
The kobold shouts!
The frilled lizard bites you.
You take 1 damage, and have 9/10 hp.
You barely miss the frilled lizard.
The frilled lizard bites you but does no damage.
You hit the frilled lizard but do no damage.
The frilled lizard misses you.
You hit the frilled lizard but do no damage.
The frilled lizard bites you.
You take 1 damage, and have 8/10 hp.
You miss the kobold. The frilled lizard bites you.
The kobold barely misses you.
A bat comes into view.
You take 1 damage, and have 7/10 hp.
You hit the kobold but do no damage. The frilled lizard bites you.
The kobold misses you.
You take 2 damage, and have 5/10 hp.
You are too injured to fight recklessly!
You are too injured to fight recklessly!
You are too injured to fight recklessly!
You are too injured to fight recklessly!
The bat closely misses you. The bat closely misses you. The bat misses you.
The bat hits you. The bat barely misses you.
You take 1 damage, and have 5/10 hp.
The bat hits you but does no damage. The bat hits you but does no damage.
The bat misses you. The bat barely misses you. The bat barely misses you.
The bat misses you. The bat hits you but does no damage. The bat hits you. x2
* * * LOW HITPOINT WARNING * * *
You take 2 damage, and have 3/10 hp.
The bat misses you. The bat hits you.
* * * LOW HITPOINT WARNING * * *
You take 1 damage, and have 2/10 hp.
The bat hits you.
* * * LOW HITPOINT WARNING * * *
You take 1 damage, and have 1/10 hp.
The bat closely misses you. The bat hits you but does no damage.
The bat hits you but does no damage. The bat closely misses you.
The bat hits you.
You die...

######..#### #K.# #..#
###..# ######## #.l..#
.......# ##### #....#
.......####...###....#
..#'#.###...⌠...#b...#
#.#.>##.......@....#
#.#####..#'#..#....#
###.########.#######.#
.....................#
#####.###########.####
#+# #....#.# #.8..#.#
#.<..'.# #.8..###


You could see a bat, a kobold and a frilled lizard.

Vanquished Creatures
  A frilled lizard (D:1)
1 creature vanquished.

Notes
Turn   | Place    | Note
-------+----------+-------------------------------------------
     0 | D:1      | deepsabbath the Deep Elf Fire Elementalist began the quest for the Orb.
     0 | D:1      | Reached XP level 1. HP: 10/10 MP: 6/6
   113 | D:1      | HP: 2/10 [bat (1)]
   118 | D:1      | Slain by a bat

Vault maps used:
D:1:      dpeg_arrival_renting, minivault_19, minivault_27

Action                   || total
-------------------------++-------
Melee: Dagger            ||    10
 Stab: Sleeping          ||     1
Armor: Robe              ||     7
Dodge: Dodged            ||    16

Vault maps used:
D:1:      dpeg_arrival_renting, minivault_19, minivault_27

Table legend:
 A = Turns spent in this place as a percentage of turns spent in the entire game.
 B = Non-inter-level travel turns spent in this place as a percentage of non-inter-level travel turns spent in the entire game.
 C = Inter-level travel turns spent in this place as a percentage of turns spent in this place.
 D = Turns resting spent in this place as a percentage of non-inter-level travel turns spent in this place.
 E = Turns spent auto-exploring this place as a percentage of non-inter-level travel turns spent in this place.
 F = Non-inter-level travel turns spent in this place divided by the number of levels of this place that you've seen.
                   A       B       C       D       E      F
               +-------+-------+-------+-------+-------+----------------------
         Total | 100.0 | 100.0 |   1.9 |   0.0 |   5.9 |  51.0
       Dungeon | 100.0 | 100.0 |   1.9 |   0.0 |   5.9 |  51.0
               +-------+-------+-------+-------+-------+----------------------

Table legend:
 A = Kills in this place as a percentage of kills in entire the game.
 B = Kills by you in this place as a percentage of kills by you in the entire game.
 C = Kills by friends in this place as a percentage of kills by friends in the entire game.
 D = Other kills in this place as a percentage of other kills in the entire game.
 E = Experience gained in this place as a percentage of experience gained in the entire game.
 F = Experience gained in this place divided by the number of levels of this place that you have seen.
                   A       B       C       D       E      F
               +-------+-------+-------+-------+-------+----------------------
         Total | 100.0 | 100.0 |  -nan |  -nan | 100.0 |   1.0
       Dungeon | 100.0 | 100.0 |  -nan |  -nan | 100.0 |   1.0
               +-------+-------+-------+-------+-------+----------------------
